 Dungeon Crawl Stone Soup version 0.28-a0-563-gf77a47075d (webtiles) character file.

Game seed: 12134133834320644453

180063 timneilson the Peltast (level 17, -1/106 HPs)
             Began as a Gargoyle Fighter on Sept 29, 2021.
             Was a High Priest of Okawaru.
             Slain by a death yak (30 damage)
             ... summoned by a spriggan berserker
             ... on level 1 of the Depths on Sept 30, 2021.
             The game lasted 01:10:06 (31602 turns).

timneilson the Peltast (Gargoyle Fighter)          Turns: 31602, Time: 01:10:07

Health: -1/106     AC: 45    Str: 28 (29) XL:     17   Next: 91%
Magic:  19/24      EV: 10    Int: 12      God:    Okawaru [*****.]
Gold:   2829       SH: 15    Dex:  7 (9)  Spells: 16/16 levels left

rFire   + + .      SeeInvis .   g - +8 autumn katana {vorpal, Clar}
rCold   + + +      Faith    .   P - +3 kite shield {rF+}
rNeg    + . .      Spirit   .   S - +4 plate armour {rF+}
rPois   ∞          Reflect  .   q - +0 helmet {Int+3}
rElec   +          Harm     .   D - +1 cloak of Enwouzxemoto {Rampage rC++ rCorr Str-2}
rCorr   +          Rampage  +   e - +2 pair of gloves {archery}
Will    +....      Clarity  +   d - +1 pair of boots "Wovaxt" {rC+ Str+4}
Stlth   ..........              O - amulet of regeneration
HPRegen 1.27/turn               p - +4 ring of slaying
MPRegen 0.19/turn               M - +4 ring of slaying

@: finesse-ful, flying
A: sickness immunity, AC +12, big wings, negative energy resistance 1,
electricity resistance, torment resistance 1, petrification resistance
}: 1/15 runes: gossamer
a: Renounce Religion, Heroism, Finesse, Duel


You were on level 1 of the Depths.
You worshipped Okawaru.
Okawaru was extremely pleased with you.
You visited 6 branches of the dungeon, and saw 29 of its levels.
You also visited: Trove and Gauntlet.

You collected 4697 gold pieces.
You spent 1868 gold pieces at shops.

Inventory:

Hand Weapons
 g - the +8 autumn katana (weapon) {vorpal, Clar}
   (You bought it in a shop on level 2 of the Dungeon)

   It inflicts extra damage upon your enemies.
   Clar:      It protects you against confusion.
 E - a +5 scimitar of flaming
Armour
 d - the +1 pair of boots "Wovaxt" (worn) {rC+ Str+4}
   (You acquired it on level 4 of the Dungeon)

   Str:       It affects your strength (+4).
   rC:        It protects you from cold.
 e - a +2 pair of gloves of archery (worn)
 q - a +0 helmet of intelligence (worn)
 D - the +1 cloak of Enwouzxemoto (worn) {Rampage rC++ rCorr Str-2}
   (You found it on level 9 of the Dungeon)

   Str:       It affects your strength (-2).
   rC:        It greatly protects you from cold.
   rCorr:     It protects you from acid and corrosion.
   Rampage:   It bestows one free step when moving towards enemies.
 P - a +3 kite shield of fire resistance (worn)
 S - a +4 plate armour of fire resistance (worn)
Jewellery
 o - a ring of protection from fire
 p - a +4 ring of slaying (left hand)
 s - a ring of positive energy
 u - a ring of positive energy
 I - a ring of resist corrosion
 M - a +4 ring of slaying (right hand)
 O - an amulet of regeneration (around neck)
Wands
 a - a wand of flame (39)
 l - a wand of polymorph (61)
 y - a wand of iceblast (28)
 A - a wand of paralysis (28)
 B - a wand of acid (23)
 F - a wand of mindburst (43)
 J - a wand of digging (12)
Scrolls
 h - 3 scrolls of fear
 j - 14 scrolls of identify
 n - 3 scrolls of enchant weapon
 r - 5 scrolls of blinking
 z - a scroll of fog
 G - a scroll of silence
 K - 3 scrolls of brand weapon
 L - 8 scrolls of teleportation
 N - 4 scrolls of enchant armour
Potions
 b - 2 potions of invisibility
 c - 5 potions of attraction
 f - 5 potions of mutation
 i - 13 potions of curing
 k - 4 potions of cancellation
 m - 4 potions of berserk rage
 t - 8 potions of ambrosia
 w - 5 potions of haste
 C - 5 potions of might
 T - a potion of resistance
Miscellaneous
 x - a lightning rod (4/4)


   Skills:
 + Level 12.1 Fighting
 * Level 13.9 Long Blades
 * Level 16.4 Armour
 + Level 9.0 Dodging
 * Level 16.5 Shields
 + Level 9.6 Invocations
 + Level 8.9 Evocations


You had 16 spell levels left.
You didn't know any spells.
Your spell library contained the following spells:

 Spells                   Type           Power      Damage    Failure   Level
 Apportation              Tloc           0%         N/A       88%         1
 Magic Dart               Conj           0%         1d3       88%         1
 Ensorcelled Hibernation  Hex/Ice        0%         N/A       95%         2
 Passwall                 Tmut/Erth      0%         N/A       95%         2
 Scorch                   Fire           0%         2d5       95%         2
 Searing Ray              Conj           0%         2d4       95%         2
 Gell's Gravitas          Tloc           0%         N/A       99%         3
 Ignite Poison            Fire/Tmut/Pois 0%         N/A       99%         3
 Inner Flame              Hex/Fire       0%         N/A       99%         3
 Lesser Beckoning         Tloc           0%         N/A       99%         3
 Mephitic Cloud           Conj/Pois/Air  0%         N/A       99%         3
 Spider Form              Tmut/Pois      0%         N/A       99%         3
 Swiftness                Air            0%         N/A       99%         3
 Teleport Other           Tloc           0%         N/A       99%         3
 Cause Fear               Hex            0%         N/A       100%        4
 Flame Wave               Conj/Fire      0%         3d3       100%        4
 Fulminant Prism          Conj/Hex       0%         3d6       100%        4
 Olgreb's Toxic Radiance  Pois           0%         N/A       100%        4
 Passage of Golubria      Tloc           N/A        N/A       100%        4
 Alistair's Intoxication  Tmut/Pois      0%         N/A       100%        5
 Blade Hands              Tmut           0%         N/A       100%        5
 Fireball                 Conj/Fire      0%         3d3       100%        5
 Freezing Cloud           Conj/Ice/Air   0%         6-21      100%        5
 Iskenderun's Battlesphe  Conj           0%         2d6       100%        5
 Yara's Violent Unravell  Hex/Tmut       0%         3d3       100%        5
 Conjure Ball Lightning   Conj/Air       0%         3x3d6     100%        6
 Invisibility             Hex            0%         N/A       100%        6
 Iron Shot                Conj/Erth      0%         9d1       100%        6
 Starburst                Conj/Fire      0%         6d3       100%        6
 Orb of Destruction       Conj           0%         N/A       100%        7
 Ozocubu's Refrigeration  Ice            0%         4d5       100%        7
 Discord                  Hex            0%         N/A       100%        8
 Disjunction              Tloc           0%         N/A       100%        8
 Ignition                 Fire           0%         3d3       100%        8
 Animate Skeleton         Necr           Unusable   N/A       N/A         1
 Summon Small Mammal      Summ           Unusable   N/A       N/A         1
 Tukima's Dance           Hex            Unusable   N/A       N/A         3
 Animate Armour           Summ/Erth      Unusable   N/A       N/A         4
 Summon Cactus Giant      Summ           Unusable   N/A       N/A         6

Dungeon Overview and Level Annotations

Branches:
Dungeon (15/15)            Temple (1/1) D:7            Lair (6/6) D:8
 Shoals (0/4) Lair:2       Spider (4/4) Lair:4        Slime (0/5) Lair:6
    Orc (2/2) D:9             Elf (0/3) Orc:2        Vaults (0/5) D:14
 Depths (1/4) D:15        Gauntlet (visited)

Altars:
Ashenzari
Cheibriados
Dithmenos
Elyvilon
Fedhas
Gozag
Hepliaklqana
Kikubaaqudgha
Makhleb
Nemelex Xobeh
Okawaru
Qazlal
Ru
Sif Muna
Trog
Uskayaw
Vehumet
Wu Jian
Xom
Yredelemnul
Zin
The Shining One
Beogh
Jiyva

Shops:
D:2 (   D:7 (   Orc:2 !([[

Annotations:
Spider:1 3 runed translucent doors, Pauttozis's ghost, adept CeHu


Innate Abilities, Weirdness & Mutations

You are immune to sickness and miasma.
Your stone body is resilient. (AC +12)
You are immune to poison.
Your large and strong wings let you fly.
You resist negative energy. (rN+)
You are resistant to electric shocks. (rElec)
You are resistant to unholy torment.
You are immune to petrification.


Message History

Unknown command.
Okay, then.
You can now deal lightning-fast blows.
You block the spriggan berserker's attack.
The spriggan berserker hits you but does no damage.
You block the death yak's attack. The ettin hits you but does no damage.
The ettin misses you.
You slash the ettin!
The ettin is lightly wounded.
The spriggan berserker hits you but does no damage.
You block the spriggan berserker's attack.
You block the death yak's attack.
You hit the ettin but do no damage.
The ettin is lightly wounded.
You feel like a meek peon again.
The ettin hits you with a +0 dire flail.
The ettin hits you with a +0 great mace!
* * * LOW HITPOINT WARNING * * *
You slice the ettin!!
The ettin is severely wounded.
The rakshasa weaves an illusion.
The spriggan berserker shimmers and seems to become two!
The spriggan berserker barely misses you.
You hit the ettin but do no damage.
The ettin is severely wounded.
The death yak completely misses you.
The spriggan berserker utters an invocation to Trog.
The spriggan berserker goes berserk!
The spriggan berserker prays to Trog.
The spriggan berserker goes berserk!
You slice the ettin!!
You kill the ettin!
Okawaru accepts your kill.
The spriggan berserker barely misses you.
You feel your strength returning.
Unknown command.
You closely miss the spriggan berserker.
The spriggan berserker is heavily wounded.
The death yak gores you!!
You die...

#..##.........##...##
#^[...!..............#
##....##.....##.....#.#
..<..###..#..###......#
####.##..###..##.##.#.#
......###...........
#####...#.........#
#......../....##..
#.......iY@.......
#......|.ii)..#..#
#.........R.......
#.............#.##
#.(...........# ..
.............# #
..#####+#.... ....#


You could see a death yak (summoned, berserk), a rakshasa and 3 spriggan
berserkers.

Vanquished Creatures
  Mara (Spider:3)
  Bai Suzhen (Spider:3)
  A quicksilver dragon (shapeshifter) (D:15)
  5 ghost moths
  5 emperor scorpions (Spider:4)
  A very ugly thing (D:15)
  A stone giant (D:15)
  Nessos (D:12)
  3 entropy weavers
  A minotaur (Gauntlet)
  Azrael (D:13)
  A spark wasp (Spider:4)
  An ettin (Depths:1)
  A green death (Gauntlet)
  3 fire dragons
  An ice dragon (D:15)
  A great orb of eyes (D:15)
  4 vault guards (D:14)
  3 boulder beetles
  10 hydras
  A spriggan air mage (Depths:1)
  7 centaur warriors
  Erica (D:11)
  A death knight (D:14)
  8 two-headed ogres
  6 death yaks
  A deep troll earth mage (D:15)
  5 orc high priests (Orc:2)
  A spriggan berserker (Depths:1)
  A vampire mage (Depths:1)
  Sonja (Lair:5)
  A skeletal warrior (D:14)
  An orange crystal statue (Lair:2)
  A phantasmal warrior (D:14)
  A swamp dragon (Lair:6)
  2 wizards
  A harpy (shapeshifter) (D:11)
  A deep elf pyromancer (D:12)
  6 orc knights
  19 orb spiders
  44 wolf spiders
  2 orc sorcerers (Orc:2)
  A moth of wrath (Spider:4)
  9 cyclopes
  7 manticores
  10 ugly things
  9 elephants
  A black mamba (shapeshifter) (D:13)
  A torpor snail (Spider:2)
  A smoke demon (Gauntlet)
  15 cane toads
  A gargoyle (D:13)
  13 rime drakes
  A rime drake (shapeshifter) (D:14)
  12 komodo dragons
  2 efreet
  3 freezing wraiths
  11 demonic crawlers
  A red devil (Gauntlet)
  4 trolls
  5 polar bears
  35 jumping spiders
  4 hornets
  4 dream sheep (Lair:4)
  5 blink frogs (Lair:2)
  15 slime creatures
  A snapping turtle (Lair:2)
  4 flying skulls (Gauntlet)
  3 centaur simulacra
  40 redbacks
  29 tarantellas
  4 wyverns
  A shadow (D:9)
  37 yaks
  A wraith (D:13)
  3 basilisks
  A vampire (D:10)
  4 fire elementals (D:13)
  2 steam dragons
  5 vampire mosquitoes (D:13)
  The ghost of freelancePsychic the Conjurer, an amateur DgCj (D:4)
  2 wargs (Orc:1)
  A hell hound (D:13)
  5 acid dragons
  41 orc warriors
  9 water moccasins
  3 swamp drakes (Lair:6)
  A sky beast (D:5)
  A black bear (D:6)
  6 ice beasts
  2 necrophages
  8 ogres
  22 wolves
  2 phantoms (D:9)
  21 centaurs
  Blork the orc (D:6)
  12 bullfrogs
  A wyvern zombie (D:8)
  A scorpion (shapeshifter) (D:15)
  A scorpion (D:4)
  4 killer bees
  9 wights
  9 electric eels
  2 howler monkeys
  2 crimson imps (Gauntlet)
  4 centaur zombies
  2 bullfrog zombies
  3 hounds
  31 orc priests
  A centaur skeleton (D:5)
  2 jellies (D:6)
  A bullfrog skeleton (D:6)
  7 iguanas
  Natasha (thrice) (D:3)
  18 orc wizards
  6 ogre zombies (D:9)
  3 howler monkey zombies
  4 gnolls (D:3)
  7 adders
  2 howler monkey skeletons
  A shadow imp (D:6)
  2 white imps (D:11)
  2 ufetubi
  An adder skeleton (D:4)
  2 worms (D:3)
  4 dart slugs
  62 orcs
  6 bats
  4 endoplasms
  7 giant cockroaches
  5 goblins
  7 hobgoblins
  3 jackals (D:1)
  6 quokkas
  8 ball pythons
  6 frilled lizards
  4 goblin zombies (D:9)
  A hobgoblin skeleton (D:9)
  A hobgoblin zombie (D:9)
  5 kobolds
  3 orc skeletons (D:9)
  10 orc zombies (D:9)
  7 rats
881 creatures vanquished.

Vanquished Creatures (others)
  An orb spider (Spider:3)
  A bush (Lair:5)
  38 demonic plants (Gauntlet)
  8 fungi
  29 plants
77 creatures vanquished.

Grand Total: 958 creatures vanquished

Notes
Turn   | Place    | Note
-------+----------+-------------------------------------------
     0 | D:1      | timneilson the Gargoyle Fighter began the quest for the
                  | Orb.
     0 | D:1      | Reached XP level 1. HP: 14/14 MP: 1/1
    70 | D:1      | Reached XP level 2. HP: 13/19 MP: 2/2
   601 | D:1      | Reached XP level 3. HP: 19/23 MP: 3/3
  1400 | D:2      | Reached skill level 1 in Dodging
  1400 | D:2      | Reached XP level 4. HP: 20/28 MP: 4/4
  1486 | D:2      | Found Padghink's Weapon Shoppe.
  1715 | D:3      | Noticed Natasha
  1723 | D:3      | Killed Natasha
  1893 | D:3      | Found a faded altar of an unknown god.
  2020 | D:3      | Reached XP level 5. HP: 25/33 MP: 5/5
  2289 | D:3      | Noticed Natasha
  2302 | D:3      | Killed Natasha
  2422 | D:3      | Found an ornate altar of the Wu Jian Council.
  2425 | D:3      | Found a shimmering blue altar of Sif Muna.
  2608 | D:3      | Noticed Natasha
  2615 | D:3      | Killed Natasha
  2684 | D:4      | Reached XP level 6. HP: 36/38 MP: 6/6
  2724 | D:4      | Found a stormy altar of Qazlal.
  3423 | D:3      | Reached skill level 5 in Shields
  3466 | D:4      | Reached skill level 5 in Armour
  3466 | D:4      | Reached XP level 7. HP: 34/43 MP: 7/7
  3607 | D:4      | Found a runed translucent door.
  3607 | D:4      | Noticed a steam dragon
  3607 | D:4      | Noticed freelancePsychic's ghost (amateur DgCj)
  3876 | D:5      | Entered Level 5 of the Dungeon
  3916 | D:4      | Identified 3 scrolls of acquirement
  3916 | D:4      | Acquired 626 gold pieces
  3918 | D:4      | Acquired 799 gold pieces
  3920 | D:4      | Acquired the +1 pair of boots "Wovaxt" {rC+ Str+4}
  3993 | D:2      | Bought the +8 autumn katana {vorpal, Clar} for 860 gold
                  | pieces
  3993 | D:2      | Found the +8 autumn katana {vorpal, Clar}
  4062 | D:5      | Reached XP level 8. HP: 48/48 MP: 8/8
  4631 | D:6      | Reached skill level 5 in Fighting
  4631 | D:6      | Reached skill level 5 in Long Blades
  4884 | D:6      | Noticed Blork the orc
  4891 | D:6      | Killed Blork the orc
  4892 | D:6      | Reached XP level 9. HP: 42/54 MP: 9/9
  5025 | D:6      | Identified the +6 short sword "Itoeq" {elec, Int+3}
  5080 | D:6      | Found a hide-covered altar of Uskayaw.
  5445 | D:7      | Found Riamaaph's Weapon Boutique.
  5499 | D:7      | Found a staircase to the Ecumenical Temple.
  5510 | Temple   | Entered the Ecumenical Temple
  6350 | D:8      | Found a snail-covered altar of Cheibriados.
  6484 | D:8      | Noticed a hornet
  6489 | D:8      | Killed a hornet
  6490 | D:8      | Reached skill level 1 in Evocations
  6490 | D:8      | Reached XP level 10. HP: 60/60 MP: 10/10
  6526 | D:8      | Found a staircase to the Lair.
  6622 | D:8      | Found a sacrificial altar of Ru.
  6686 | D:8      | Found a sparkling altar of Nemelex Xobeh.
  7037 | D:4      | Killed freelancePsychic's ghost
  7235 | D:9      | Identified the +1 cloak of Enwouzxemoto {Rampage rC++ rCorr
                  | Str-2}
  7271 | D:9      | Found an ancient bone altar of Kikubaaqudgha.
  7345 | D:9      | You fall into a shaft and drop 3 floors!
  7358 | D:12     | Noticed a deep elf pyromancer
  7370 | D:12     | Killed a deep elf pyromancer
  7644 | D:11     | Noticed Erica
  7650 | D:11     | Killed Erica
  7685 | D:11     | Noticed a harpy
  7698 | D:11     | Killed a harpy
  7712 | D:11     | Noticed a death yak
  7719 | D:11     | Killed a death yak
  7720 | D:11     | Reached XP level 11. HP: 22/67 MP: 11/11
  7742 | D:10     | Entered Level 10 of the Dungeon
  7755 | D:10     | Noticed a two-headed ogre
  7774 | D:10     | Found an iron altar of Okawaru.
  8033 | D:9      | Found a staircase to the Orcish Mines.
  8527 | D:9      | Noticed a green ugly thing
  8533 | D:9      | Killed a green ugly thing
  8668 | D:10     | Identified the ring of Neofeoll {rC+ EV+4}
  8789 | D:10     | Became a worshipper of Warmaster Okawaru
  8813 | D:10     | Killed a two-headed ogre
  8814 | D:10     | Reached skill level 10 in Shields
  8918 | D:10     | Found a portal to a secret trove of treasure.
  9045 | D:10     | Reached skill level 10 in Armour
  9116 | D:10     | Found a shimmering altar of Xom.
  9118 | D:10     | Found a basalt altar of Yredelemnul.
  9118 | D:10     | Found an ancient bone altar of Kikubaaqudgha.
  9120 | D:10     | Found a glowing silver altar of Zin.
  9120 | D:10     | Found a shimmering blue altar of Sif Muna.
  9120 | D:10     | Found a sacrificial altar of Ru.
  9417 | D:11     | Reached skill level 5 in Dodging
  9433 | D:11     | Reached * piety under Okawaru
  9518 | D:11     | Noticed an eight-headed hydra
  9527 | D:11     | Noticed a cyclops
  9528 | D:11     | Killed a three-headed hydra
  9529 | D:11     | Reached skill level 1 in Invocations
  9533 | D:11     | Killed a cyclops
  9668 | D:11     | Reached ** piety under Okawaru
  9869 | D:11     | Noticed a cyclops
  9873 | D:11     | Killed a cyclops
 10145 | D:11     | Reached XP level 12. HP: 69/73 MP: 13/13
 10495 | D:12     | Noticed a two-headed ogre
 10495 | D:12     | Noticed a two-headed ogre
 10510 | D:12     | Killed a two-headed ogre
 10510 | D:12     | Reached *** piety under Okawaru
 10516 | D:12     | Killed a two-headed ogre
 10743 | D:12     | Reached **** piety under Okawaru
 10746 | D:12     | Noticed Nessos
 10767 | D:12     | Killed Nessos
 11217 | D:13     | Noticed a boulder beetle
 11238 | D:13     | Killed a boulder beetle
 11436 | D:13     | Reached ***** piety under Okawaru
 11460 | D:13     | Noticed a two-headed ogre
 11461 | D:13     | Noticed a two-headed ogre
 11463 | D:13     | Killed a two-headed ogre
 11465 | D:13     | Killed a two-headed ogre
 11826 | D:13     | Noticed Azrael
 11834 | D:13     | Received a gift from Okawaru
 11840 | D:13     | Killed Azrael
 11846 | D:13     | Reached skill level 5 in Evocations
 11849 | D:13     | Reached XP level 13. HP: 25/79 MP: 13/16
 13126 | D:14     | Reached skill level 10 in Long Blades
 13417 | D:14     | Found a blossoming altar of Fedhas.
 13471 | D:14     | Found a gate to the Vaults.
 13471 | D:14     | Noticed a vault guard
 13471 | D:14     | Noticed a vault guard
 13471 | D:14     | Noticed a vault guard
 13471 | D:14     | Noticed a vault guard
 13494 | D:14     | Killed a vault guard
 13509 | D:14     | Killed a vault guard
 13527 | D:14     | Killed a vault guard
 13533 | D:14     | Killed a vault guard
 13534 | D:14     | Reached skill level 5 in Invocations
 13546 | D:14     | Received a gift from Okawaru
 14196 | Lair:1   | Entered Level 1 of the Lair of Beasts
 14200 | Lair:1   | Found a gate leading to a gauntlet.
 14209 | Gauntlet | Entered a Gauntlet
 14209 | Gauntlet | Found a transporter.
 14209 | Gauntlet | Found a transporter.
 14213 | Gauntlet | Found a transporter.
 14224 | Gauntlet | Found a transporter.
 14266 | Gauntlet | Found a transporter.
 14280 | Gauntlet | Found a transporter.
 14294 | Gauntlet | Found a transporter.
 14315 | Gauntlet | Found a transporter.
 14322 | Gauntlet | Noticed a green death
 14393 | Gauntlet | Found a transporter.
 14402 | Gauntlet | Found a transporter.
 14426 | Gauntlet | Found a transporter.
 14434 | Gauntlet | Found a transporter.
 14436 | Gauntlet | Found a transporter.
 14531 | Gauntlet | Found a transporter.
 14546 | Gauntlet | Found a transporter.
 14663 | Gauntlet | Found a transporter.
 14848 | Gauntlet | Killed a green death
 14885 | Gauntlet | Noticed a minotaur
 14891 | Gauntlet | Killed a minotaur
 14892 | Gauntlet | Gained mutation: Your large and strong wings let you fly.
                  | [Gargoyle growth]
 14892 | Gauntlet | Reached XP level 14. HP: 68/86 MP: 15/18
 15823 | Lair:2   | Reached ****** piety under Okawaru
 15829 | Lair:2   | Received a gift from Okawaru
 16264 | Lair:2   | Identified the +1 leather armour of Kleptomania {Will+
                  | Regen+ rCorr Int+3}
 16423 | Lair:2   | Found a staircase to the Shoals.
 18324 | Lair:4   | Found a hazy altar of Hepliaklqana.
 18596 | Lair:4   | Found a hole to the Spider Nest.
 18812 | Lair:5   | Reached skill level 10 in Fighting
 19055 | Lair:5   | Received a gift from Okawaru
 19240 | Lair:5   | Noticed Sonja
 19244 | Lair:5   | Killed Sonja
 19484 | Lair:5   | Reached XP level 15. HP: 92/92 MP: 20/20
 19749 | Lair:6   | Entered Level 6 of the Lair of Beasts
 20597 | Lair:6   | Found a viscous altar of Jiyva.
 20597 | Lair:6   | Found a staircase to the Slime Pits.
 20781 | Lair:6   | Received a gift from Okawaru
 21207 | Orc:1    | Entered Level 1 of the Orcish Mines
 21623 | Orc:2    | Entered Level 2 of the Orcish Mines
 21690 | Orc:2    | Paralysed by an orc sorcerer for 3 turns
 21986 | Orc:2    | Found a staircase to the Elven Halls.
 23058 | Orc:2    | Found Kapyrip's Distillery.
 23058 | Orc:2    | Found Gint's Weapon Shop.
 23059 | Orc:2    | Found Herghasa's Armour Shop.
 23059 | Orc:2    | Found Aptusop's Antique Armour Boutique.
 23066 | Orc:2    | Bought 2 potions of resistance for 360 gold pieces
 23066 | Orc:2    | Bought a potion of curing for 54 gold pieces
 23066 | Orc:2    | Bought a potion of might for 72 gold pieces
 23066 | Orc:2    | Bought a potion of heal wounds for 90 gold pieces
 23066 | Orc:2    | Bought a potion of haste for 180 gold pieces
 23066 | Orc:2    | Bought a potion of heal wounds for 90 gold pieces
 23066 | Orc:2    | Bought a potion of heal wounds for 90 gold pieces
 23066 | Orc:2    | Bought a potion of might for 72 gold pieces
 23173 | D:10     | You paid a toll of 3 potions of resistance to enter a
                  | treasure trove
 23174 | Trove    | Entered a treasure trove
 23182 | Trove    | Identified the +6 long sword of the Doomed Warrior {pain,
                  | rC+ rCorr}
 23186 | Trove    | Identified the +2 battleaxe "Ginom" {pain, Int+5}
 23189 | Trove    | Identified the +5 demon blade of Harmony {freeze, Str+2}
 23196 | Trove    | Identified the +2 triple sword "Rurihoz" {vorpal, Fly}
 23197 | Trove    | Identified the +4 long sword "Qeqiomos" {venom, rElec Int+8
                  | Stlth-}
 23622 | D:15     | Entered Level 15 of the Dungeon
 23984 | D:15     | Reached XP level 16. HP: 99/99 MP: 21/21
 24156 | D:15     | Received a gift from Okawaru
 24169 | D:15     | Paralysed by a great orb of eyes for 3 turns
 24189 | D:15     | Found a staircase to the Depths.
 24381 | D:15     | Found a runed translucent door.
 24436 | D:15     | Noticed an azure jelly
 24436 | D:15     | an azure jelly changed into an eleionoma
 24443 | D:15     | Noticed a shadow dragon
 24443 | D:15     | a frost giant changed into a shadow dragon
 24451 | D:15     | a shadow dragon changed into a frost giant
 24454 | D:15     | Noticed a quicksilver dragon
 24454 | D:15     | a frost giant changed into a quicksilver dragon
 24456 | D:15     | Killed a quicksilver dragon
 24457 | D:15     | Reached skill level 15 in Shields
 25058 | Spider:1 | Entered Level 1 of the Spider Nest
 25069 | Spider:1 | Reached skill level 15 in Armour
 25906 | Spider:1 | Found a runed translucent gate.
 25909 | Spider:1 | Found a runed translucent gate.
 25909 | Spider:1 | Found a runed translucent gate.
 25912 | Spider:1 | Noticed Pauttozis's ghost (adept CeHu)
 26884 | Spider:2 | Received a gift from Okawaru
 27829 | Spider:3 | Noticed Mara
 27835 | Spider:3 | Noticed timneilson's illusion
 27853 | Spider:3 | Killed Mara
 27854 | Spider:3 | Reached XP level 17. HP: 76/105 MP: 17/23
 28036 | Spider:3 | Noticed Bai Suzhen
 28046 | Spider:3 | Killed Bai Suzhen
 29125 | Spider:4 | Entered Level 4 of the Spider Nest
 29273 | Spider:3 | Received a gift from Okawaru
 31101 | Spider:4 | Got a gossamer rune of Zot
 31518 | Depths:1 | Entered Level 1 of the Depths
 31519 | Depths:1 | Found a shadowy altar of Dithmenos.
 31576 | Depths:1 | Received a gift from Okawaru
 31602 | Depths:1 | Slain by a death yak

Illustrated notes

Levels and vault maps discovered:
D:1:      lemuel_arrival_behind_the_door_large, layout_rooms,
          serial_bayou_pond_d
D:2:      layout_loops_ring, serial_shops, shop
D:3:      layout_loops_cross, jmf_multi_god_temple,
          shapermc_ecumenical_altar_petra, st_stairs_4, uniq_natasha
D:4:      layout_cave_pools, mainiacjoe_overflow_boulevard,
          ebering_ghost_inner_flame
D:5:      layout_basic, chequers_serial_rivers_small_b
D:6:      layout_loops_ring, nicolae_uskayaw_suspiria, uniq_blork_the_orc
D:7:      layout_basic, minmay_temple_entry_butterflies, serial_shops, shop,
          kennysheep_generic_room_11
D:8:      layout_loops_ring, kennysheep_little_box, nicolae_ru_path_of_blood,
          mainiacjoe_overflow_surrounded_room, dpeg_oklobed_lair,
          hangedman_decor_peaks_small
D:9:      layout_loops_corners, nicolae_kikubaaqudgha_miasma_corner,
          zombieorc1_lemuel, serial_glass, glass_columns_a, glass_columns_a
D:10:     layout_rooms, doesnt_xom_only_xom, okawaru_gym_becter,
          nicolae_trove_entry_free_sample
D:11:     minmay_inside_and_out, layout_cave_pools, serial_ice, serial_ice_e,
          serial_ice_d, serial_ice_k, serial_ice_h, serial_ice_f,
          bh_walls_and_bars, uniq_erica
D:12:     layout_rooms, uniq_nessos
D:13:     layout_stronghold, kennysheep_generic_room_14, uniq_azrael
D:14:     layout_basic, lightli_vaults_fourway_checkpoint, chequers_big_river,
          fedhas_altar_2
D:15:     gammafunk_enter_depths_forms, layout_irregular_city,
          grunt_decor_one_mirror, minmay_hidden_floor
Temple:   minmay_temple_bridge_abc
Lair:1:   layout_regular_city, gauntlet_entry_generic,
          infiniplex_staircase_pool_2
Lair:2:   statuecave_lemuel, layout_small_grid, minmay_shoals_entry_hut,
          nicolae_quartered_pool_little, st_stairs_11, serial_bayou_shore_a,
          lemuel_fruit_tree, grunt_megastairs_3
Lair:3:   beast_lair_carwin_large_2, layout_long_grid, serial_bayou,
          serial_bayou_pond_c, serial_bayou_pond_e, serial_bayou_lake_a,
          serial_bayou_lagoon_b, serial_bayou_pond_c, serial_bayou_lagoon_a
Lair:4:   layout_roguey, nicolae_spider_entry_tight_spaces, basic_altar,
          st_stairs_10
Lair:5:   layout_cave_pods, lemuel_fruit_fields, uniq_sonja
Lair:6:   guppyfry_lair_end_dragon, layout_big_grid,
          dpeg_slime_entry_enclosed_altar, minmay_lair_drake_nest
Spider:1: layout_chambers, gammafunk_ghost_split,
          nicolae_spider_nooks_and_crannies
Spider:2: layout_spider_delve
Spider:3: layout_chambers, uniq_bai_suzhen, uniq_mara
Spider:4: grunt_spider_rune_island
Orc:1:    layout_caves, basic_altar
Orc:2:    st_orc_pillars, layout_diamond_mine
Depths:1: layout_basic, rand_demon_pan_entry_3, old_standard_altar,
          infiniplex_enter_wizlab_water, hell_entry, abandoned_shop,
          minmay_misc_feat_encased, minmay_door_square,
          nicolae_dithmenos_shadow_blocks, uniq_aizul

Skill      XL: |  1  2  3  4  5  6  7  8  9 10 11 12 13 14 15 16 17 |
---------------+----------------------------------------------------+-----
Long Blades    | 2 3 4 5 6 7 8 9 10 11 12 13 | 13.9
Dodging        | 1 2 3 4 5 6 7 8 9 |  9.0
Shields        | 4 5 6 8 9 10 11 12 13 14 15 16 | 16.5
Armour         | 4 5 6 8 9 10 11 12 13 14 15 16 | 16.4
Fighting       | 4 5 6 7 8 9 10 11 12 | 12.1
Evocations     | 1 2 4 5 6 7 8 |  8.9
Invocations    | 2 4 5 6 7 8 9 |  9.6

Action                   |  1- 3 |  4- 6 |  7- 9 | 10-12 | 13-15 | 16-18 || total
-------------------------+-------+-------+-------+-------+-------+-------++-------
Melee: Long sword        |   130 |   190 |    36 |       |       |       ||   356
       Katana            |       |       |   122 |   344 |   990 |   813 ||  2269
       Scimitar          |       |       |       |     7 |    26 |    15 ||    48
Invok: Heroism           |       |       |       |     2 |     9 |    11 ||    22
       Finesse           |       |       |       |       |     3 |     8 ||    11
  Use: Scroll            |     1 |     6 |     7 |     8 |    11 |     2 ||    35
       Potion            |       |     2 |       |     4 |     1 |     5 ||    12
 Stab: Held in net/web   |       |       |       |       |       |     1 ||     1
Armor: Scale mail        |    59 |       |       |       |       |       ||    59
       Chain mail        |    34 |   152 |    92 |    69 |       |       ||   347
       Plate armour      |       |       |       |   160 |   368 |   671 ||  1199
Dodge: Dodged            |    55 |   101 |    65 |   207 |   269 |   360 ||  1057
Block: Buckler           |    38 |    62 |    38 |   110 |       |       ||   248
       Kite shield       |       |       |       |       |   580 |   623 ||  1203

Table legend: (Time is in decaauts)
 A = Elapsed time spent in this place.
 B = Non-inter-level travel time spent in this place.
 C = Inter-level travel time spent in this place.
 D = Time resting spent in this place.
 E = Time spent auto-exploring this place.
 F = Levels seen in this place.
 G = Mean time per level.
                   A        B        C        D        E       F      G
               +--------+--------+--------+--------+--------+-----+--------+
         Total |  30860 |  28604 |   2256 |   2475 |  19708 |  31 |  995.5 |
       Dungeon |  15739 |  14204 |   1535 |    652 |  10252 |  15 | 1049.3 |
        Temple |    194 |    172 |     22 |      0 |    167 |   1 |  194.0 |
          Lair |   6129 |   5760 |    369 |    124 |   4852 |   6 | 1021.5 |
   Spider Nest |   5901 |   5771 |    130 |   1373 |   3220 |   4 | 1475.2 |
  Orcish Mines |   1976 |   1777 |    199 |    250 |   1105 |   2 |  988.0 |
        Depths |     68 |     68 |      0 |      0 |      0 |   1 |   68.0 |
         Trove |     37 |     37 |      0 |      0 |      0 |   1 |   37.0 |
      Gauntlet |    812 |    812 |      0 |     76 |    112 |   1 |  812.0 |
               +--------+--------+--------+--------+--------+-----+--------+

Top non-repeatable levels by time:
Spider:3: 2431 daAuts
    D:13: 1864 daAuts
Spider:1: 1737 daAuts
     D:3: 1625 daAuts
    D:11: 1508 daAuts
    D:14: 1283 daAuts
  Lair:6: 1262 daAuts
   Orc:2: 1239 daAuts
     D:9: 1186 daAuts
    D:15: 1171 daAuts
  Lair:3: 1091 daAuts
  Lair:4: 1076 daAuts
     D:1: 974 daAuts
  Lair:2: 966 daAuts
Spider:4: 928 daAuts
